Map: Heavy Artillery LE

Players

Balu

  • Race: Protoss Protoss
  • Spawn Location: 3:00

DRG

  • Race: Protoss Protoss
  • Spawn Location: 1:00

Arthas - Winner!

  • Race: Protoss Protoss
  • Spawn Location: 7:00

Ivadios - Winner!

  • Race: Terran Terran
  • Spawn Location: 7:00

VOD

Have the link to the VOD?

Description

Time

  • Played on: June 12, 2020, 2:34 p.m.
  • Length: 8:19
Show
View Real Time Build Order
Export as new Build Order

Balu Protoss 

Build Orders: Oracle Opening 

Get SALT Encoding   

  1  0:00  Probe  
  12  0:06  Probe  
  14  0:16  Probe  
  15  0:40  Assimilator, Pylon  
  15  0:43  Assimilator  
  15  0:58  Probe  
  16  1:07  Probe  
  16  1:10  Gateway  
  17  1:11  Forge  
  17  1:15  Probe  
  17  1:24  Probe  
  19  1:50  Probe  
  20  2:02  Probe  
  21  2:08  Pylon  
  21  2:14  Probe  
  22  2:26  Probe  
  23  2:30  Cybernetics Core  
  23  2:36  Nexus  
  23  2:45  Photon Cannon  
  23  2:55  Pylon  
  23  3:05  Assimilator  
  23  3:13  Stargate  
  23  3:18  Pylon  
  23  3:26  Pylon  
  23  3:35  Probe  
  24  3:43  Probe  
  24  3:46  Oracle  
  25  3:53  Probe  
  29  4:05  Probe  
  29  4:06  Probe  
  31  4:14  Probe  
  31  4:17  Probe  
  31  4:23  Probe  
  33  4:29  Probe  
  35  4:36  Probe  
  36  4:39  Fleet Beacon  
  36  4:41  Probe  
  36  4:42  Pylon  
  37  4:48  Probe  
  38  4:53  Probe  
  39  5:05  Probe  
  40  5:27  Void Ray  
  31  5:59  Pylon  
  24  6:26  Photon Cannon  
  24  6:27  Photon Cannon  
  24  6:29  Photon Cannon  
  24  6:31  Photon Cannon  
  23  6:33  Pylon  
  23  6:35  Photon Cannon  
  23  6:37  Pylon  
  14  6:48  Photon Cannon  
  14  6:51  Photon Cannon  
  14  6:52  Photon Cannon  
  12  6:56  Shield Battery  
  12  7:01  Shield Battery  
  8  7:04  Shield Battery  
  8  7:05  Photon Cannon  
  5  7:36  Pylon  
  5  7:42  Photon Cannon  
Show
View Real Time Build Order
Export as new Build Order

DRG Protoss 

Build Orders: 1 Gate Expand, Oracle Opening 

Get SALT Encoding   

  1  0:00  Probe  
  13  0:07  Probe  
  14  0:21  Pylon  
  14  0:22  Probe  
  15  0:39  Probe  
  15  0:42  Gateway  
  16  0:52  Probe  
  17  1:03  Forge  
  17  1:04  Probe  
  18  1:40  Pylon  
  18  1:41  Nexus  
  18  1:43  Probe, Assimilator  
  18  1:45  Assimilator  
  19  1:51  Probe  
  20  2:07  Cybernetics Core  
  20  2:27  Probe  
  20  2:31  Pylon  
  20  2:35  Probe  
  22  2:45  Probe, Assimilator  
  22  2:49  Assimilator  
  22  2:50  Photon Cannon  
  23  2:57  Probe  
  24  3:06  Stargate  
  24  3:14  Photon Cannon  
  24  3:19  Photon Cannon  
  24  3:26  Shield Battery  
  24  3:28  Probe  
  24  3:30  Probe  
  26  3:38  Probe  
  26  3:43  Oracle  
  30  4:13  Probe  
  31  4:18  Pylon  
  31  4:22  Oracle  
  34  4:25  Probe  
  35  4:33  Shield Battery  
  35  4:36  Stargate  
  35  4:37  Probe  
  36  4:44  Pylon  
  36  4:49  Probe  
  37  5:21  Oracle x2  
  42  5:51  Probe  
  43  6:03  Probe  
  34  6:16  Probe  
  21  6:28  Probe, Zealot  
  24  6:39  Cybernetics Core  
  24  6:44  Nexus  
  24  6:52  Assimilator  
  20  6:56  Assimilator  
  20  6:57  Zealot  
  20  6:59  Probe, Pylon  
  21  7:03  Gateway  
Show
View Real Time Build Order
Export as new Build Order

Arthas Protoss - Winner!

Build Orders:  

Get SALT Encoding   

  12  0:01  Probe  
  13  0:13  Probe  
  14  0:18  Pylon  
  14  0:25  Probe  
  15  0:33  Probe  
  15  0:41  Probe  
  17  0:52  Probe  
  18  1:01  Gateway  
  18  1:04  Probe  
  19  1:14  Assimilator  
  19  1:16  Probe  
  20  1:20  Assimilator  
  20  1:28  Probe  
  21  1:45  Probe  
  22  1:50  Cybernetics Core  
  22  1:57  Probe  
  22  2:06  Pylon, Warp Gate  
  22  2:16  Probe  
  23  2:41  Gateway  
  23  2:44  Gateway  
  23  2:45  Gateway  
  23  3:04  Pylon  
  23  3:07  Pylon  
  23  3:14  Pylon  
  23  3:15  Probe  
  24  3:34  Gateway  
  24  3:56  Stalker x4  
  32  4:13  Pylon  
  32  4:23  Stalker x4  
  40  4:30  Stalker  
  42  4:44  Stalker  
  42  4:45  Stalker  
  46  4:47  Stalker x2  
  50  4:59  Stalker  
  52  5:05  Stalker x2  
  49  5:40  Probe  
  50  5:53  Probe  
  51  6:01  Stalker x2  
  55  6:14  Stalker x3  
  61  6:41  Stalker  
  51  7:58  Forge  
  51  8:00  Nexus  
  51  8:02  Pylon  
  51  8:05  Assimilator  
  51  8:10  Assimilator  
Show
View Real Time Build Order
Export as new Build Order

Ivadios Terran - Winner!

Build Orders:  

Get SALT Encoding   

  12  0:03  SCV  
  13  0:19  Supply Depot  
  13  0:48  Supply Depot  
  13  0:57  Barracks  
  13  1:11  Supply Depot  
  13  1:27  SCV  
  14  1:35  Barracks  
  14  1:39  SCV  
  15  1:55  Barracks  
  15  2:04  Marine  
  16  2:11  Orbital Command  
  16  2:22  Marine  
  17  2:24  Barracks  
  17  2:39  Marine  
  18  2:54  Marine x2  
  18  2:57  Marine  
  21  3:05  Supply Depot  
  21  3:12  Marine x2  
  22  3:13  SCV  
  22  3:15  Marine  
  25  3:25  SCV  
  26  3:29  Supply Depot  
  26  3:30  Marine x2  
  26  3:33  Marine  
  29  3:37  SCV  
  30  3:48  Marine x2  
  32  4:10  Marine x4  
  36  4:28  Marine x4  
  40  4:46  Marine x4  
  40  4:49  Supply Depot  
  43  5:03  Marine  
  43  5:04  Marine  
  26  6:51  Marine x4  
  28  7:08  Marine  
  28  7:09  Marine x3  
  30  7:26  Marine  
  31  7:54  SCV  
  32  8:06  SCV  
Tags
 
Add a new tag
Caveats
  • Supply blocks, unpowered buildings, or Contaminate may cause inaccurate times.
  • Supply counts are checked every 10 seconds.